 Dungeon Crawl Stone Soup version 0.23.1 (webtiles) character file.

Game seed: 15180735154812069208

37 Borgoz the Sneak (level 3, 0/27 HPs)
             Began as a Ghoul Enchanter on Mar 13, 2019.
             Slain by Sigmund
             ... wielding a +0 scythe
              (11 damage)
             ... on level 2 of the Dungeon.
             The game lasted 00:04:08 (2125 turns).

Borgoz the Sneak (Ghoul Enchanter)                  Turns: 2125, Time: 00:04:09

Health: 0/27       AC:  5    Str: 11    XL:     3   Next: 39%
Magic:  1/4        EV: 10    Int: 10    God:
Gold:   86         SH:  0    Dex: 10    Spells: 2/5 levels left

rFire    . . .     SeeInvis .   c - +0 short sword
rCold    + . .     Gourm    .   (no shield)
rNeg     + + +     Faith    .   f - +0 ring mail
rPois    ∞         Spirit   .   (no helmet)
rElec    .         Reflect  .   (no cloak)
rCorr    .         Harm     .   (no gloves)
MR       .....                  (no boots)
Stlth    +.........             (no amulet)
HPRegen  0.00/turn              (no ring)
MPRegen  0.09/turn              (no ring)

@: very slightly contaminated, rotting
A: rotting body, claws 1, carnivore, cold resistance 1, negative energy
resistance 3, inhibited regeneration, torment resistance, unbreathing
a: no special abilities


You were on level 2 of the Dungeon.
You were not hungry.

You visited 1 branch of the dungeon, and saw 2 of its levels.

You collected 86 gold pieces.

Inventory:

Hand Weapons
 c - a +0 short sword (weapon)
Armour
 f - a +0 ring mail (worn)
Scrolls
 e - a scroll of amnesia {unknown}
 g - a scroll of enchant armour {unknown}
 h - a scroll of immolation {unknown}
 j - 2 scrolls of teleportation {unknown}
 l - a scroll of remove curse {unknown}
 m - 2 scrolls of identify {unknown}
Potions
 i - a potion of curing
Comestibles
 d - a ration


   Skills:
 + Level 0.6 Fighting
 * Level 1.4 Short Blades
 * Level 1.0 Armour
 + Level 2.0 Dodging
 + Level 3.4 Stealth
 + Level 1.9 Spellcasting
 + Level 2.6 Hexes


You had 2 spell levels left.
You knew the following spells:

 Your Spells              Type           Power        Failure   Level  Hunger
a - Corona                Hex            #......      26%         1    ##.....
b - Ensorcelled Hibernat  Hex/Ice        #.....       54%         2    ###....

Your spell library contained the following spells:

 Spells                   Type           Power        Failure   Level  Hunger
 Confuse                  Hex            #.......     58%         3    ####...
 Tukima's Dance           Hex            #.......     58%         3    ####...
 Dazzling Spray           Conj/Hex       #.....       78%         3    ####...


Dungeon Overview and Level Annotations

Branches:
Dungeon (2/15)

Altars:
Zin

Annotations:
D:2 Sigmund


Innate Abilities, Weirdness & Mutations

Your body is rotting away.
You thrive on raw meat.
You are immune to poison.
You have sharp fingernails.
You are carnivorous and can eat meat at any time.
Your flesh is cold resistant. (rC+)
You are immune to negative energy. (rN+++)
You do not regenerate when monsters are visible.
You are immune to unholy pain and torment.
You can survive without breathing.


Message History

Sigmund hits you with a +0 scythe!
You hit Sigmund.
Sigmund is heavily wounded.
Sigmund hits you with a +0 scythe.
You hit Sigmund.
Sigmund is heavily wounded.
You hit Sigmund.
Sigmund is severely wounded.
Sigmund barely misses you.
Casting: Ensorcelled Hibernation (safe; 54% risk of failure)
Confirm with . or Enter, or press ? or * to list all spells.
You don't have enough magic to cast that spell.
Unknown command.
You barely miss Sigmund.
Sigmund is severely wounded.
Sigmund gestures wildly while chanting.
Sigmund flickers and vanishes!
Deactivating autopickup; reactivate with Ctrl-A.
Something hits you!
You die...

.###.#.######.#.............###.#
#. #@.....########## #.# ..
#.####.##..###..##..# .## #.#
#.#.#..#..#.#### #. #.#
#..#..#).#.._# # #.#
###..#.÷#..### #.# ##...#...#
#.############### #.{.@.........#
###############


There were no monsters in sight!

Vanquished Creatures
  An adder zombie (D:2)
  A worm (D:1)
  A dart slug (D:1)
  A leopard gecko (D:2)
  A giant cockroach (D:1)
  3 goblins (D:1)
  4 hobgoblins (D:1)
  A ball python (D:1)
  4 bats
  A frilled lizard (D:1)
  6 kobolds
  A quokka zombie (D:2)
  4 rats
29 creatures vanquished.

Notes
Turn   | Place    | Note
-------+----------+-------------------------------------------
     0 | D:1      | Borgoz the Ghoul Enchanter began the quest for the Orb.
     0 | D:1      | Reached XP level 1. HP: 14/14 MP: 2/2
   182 | D:1      | Reached skill level 1 in Short Blades
   292 | D:1      | Reached XP level 2. HP: 13/20 MP: 3/3
   913 | D:1      | Reached XP level 3. HP: 22/27 MP: 4/4
  1158 | D:2      | Learned a level 2 spell: Ensorcelled Hibernation
  1426 | D:2      | Reached skill level 1 in Armour
  1450 | D:2      | Found a glowing silver altar of Zin.
  1476 | D:2      | Noticed Sigmund
  2125 | D:2      | Slain by Sigmund

Skill      XL: |  1  2  3 |
---------------+----------+-----
Short Blades   | 1 |  1.4
Dodging        | 2 |  2.0
Armour         | 1 |  1.0
Fighting       | |  0.6
Stealth        | |  3.4
Spellcasting   | |  1.9
Hexes          | |  2.6

Action                   || total
-------------------------++-------
Melee: Dagger            ||   148
       Short sword       ||     8
 Cast: Ensorcelled Hiber ||     5
  Use: Potion            ||     4
 Stab: Sleeping          ||     4
  Eat: Chunk             ||     9
Armor: Ring mail         ||    71
Dodge: Dodged            ||    92
